 Dungeon Crawl Stone Soup version 0.31-a0-1317-gdfb52cbc09 (webtiles) character file.

Game seed: 17502774810484273105

(classic levelgen) 1483500 EnegeticOcto the Ogreish Barricade (level 27, 300/300 HPs)
             Began as an Ogre Alchemist on Dec 20, 2023.
             Was an Initiate of Gozag.
             Escaped with the Orb
             ... and 3 runes on Dec 22, 2023!
             The game lasted 03:12:18 (91054 turns).

EnegeticOcto the Ogreish Barricade (OgAl)          Turns: 91054, Time: 03:12:18

Health: 300/300    AC: 20    Str: 20    XL:     27
Magic:  41/41      EV: 11    Int: 28    God:    Gozag
Gold:   20658      SH: 32    Dex: 12    Spells: 2/54 levels left

rFire   . . .        a - staff of fire
rCold   + + .        b - +8 tower shield
rNeg    . . .        Z - +5 robe of Night {Dark Will+ SInv}
rPois   .            t - +2 hat
rElec   .            Y - +5 cloak of the King of the Hill {Dex+3}
rCorr   .            (gloves unavailable)
SInv    +            (boots unavailable)
Will    ++++.        K - amulet of magic regeneration
Stlth   +            P - ring "Reotew" {Will+}
HPRegen 0.70/turn    G - ring "Tifuc" {rC++ AC+4 Int+2}
MPRegen 0.67/turn

%: no passive effects
@: no status effects
A: large, unfitting armour, tough skin 1, heat vulnerability 1, inability to
read after injury 1
0: Orb of Zot
}: 3/15 runes: decaying, serpentine, silver
a: Renounce Religion, Potion Petition, Call Merchant, Bribe Branch


You escaped.
You worshipped Gozag.
Gozag was extremely pleased with you.
You visited 12 branches of the dungeon, and saw 54 of its levels.
You visited 1 bazaar.
You also visited: Gauntlet and Ice Cave.

You collected 30542 gold pieces.
You spent 8028 gold pieces at shops.
You paid 1856 gold pieces to Gozag.

Inventory:

Missiles
 r - 7 throwing nets {!f}
 R - 12 curare-tipped darts
Armour
 b - a +8 tower shield (worn)
   (You took it off Louise on level 1 of the Swamp)
 t - a +2 hat (worn)
   (You took it off Gastronok on level 1 of the Orcish Mines)
 Y - the +5 cloak of the King of the Hill (worn) {Dex+3}
   (You bought it in a shop on level 2 of the Orcish Mines)

   Dex+3:     It affects your dexterity (+3).
 Z - the +5 robe of Night (worn) {Dark Will+ SInv}
   (You bought it in a shop on level 2 of the Orcish Mines)

   Dark:      It shrouds the wearer in darkness, reducing the range at which
   they can see and be seen by others.
   Will+:     It increases your willpower.
   SInv:      It lets you see invisible.
Magical Staves
 a - a staff of fire (weapon)
   (You found it on level 6 of the Dungeon)
 D - the staff of Demand {MP+9 Conj}
   (You found it on level 3 of the Elven Halls)

   [staff of conjuration]

   Base accuracy: +5 Base damage: 5 Base attack delay: 1.2 This weapon's minimum
   attack delay (0.6) is reached at skill level 12.
   MP+9:      It affects your magic capacity (+9).
   Conj:      It increases the power of your Conjurations spells.
   It falls into the 'Staves' category.
   It is a one-handed weapon.
 E - the staff of Fee Simple {rN+ rCorr Str-3 Int+3 Conj}
   (You found it on level 5 of the Vaults)

   [staff of conjuration]

   Base accuracy: +5 Base damage: 5 Base attack delay: 1.2 This weapon's minimum
   attack delay (0.6) is reached at skill level 12.
   Str-3:     It affects your strength (-3).
   Int+3:     It affects your intelligence (+3).
   rN+:       It protects you from negative energy.
   rCorr:     It protects you from acid and corrosion.
   Conj:      It increases the power of your Conjurations spells.
   It falls into the 'Staves' category.
   It is a one-handed weapon.
Jewellery
 i - the ring "Guutem" {rElec rF++ rCorr Str-3}
   (You took it off a vault sentinel on level 5 of the Vaults)

   [ring of resist corrosion]

   Str-3:     It affects your strength (-3).
   rF++:      It greatly protects you from fire.
   rElec:     It insulates you from electricity.
   rCorr:     It protects you from acid and corrosion.
 m - the amulet of the Snail {Regen+ Str+4 Slay-4 Stlth+}
   (You took it off a deep elf archer on level 3 of the Elven Halls)

   [amulet of regeneration]

   Str+4:     It affects your strength (+4).
   Slay-4:    It affects your accuracy & damage with ranged weapons and melee
   (-4).
   Regen+:    It increases your rate of health regeneration.
   Stlth+:    It makes you more stealthy.
 G - the ring "Tifuc" (right hand) {rC++ AC+4 Int+2}
   (You found it on level 1 of the Swamp)

   [ring of protection]

   AC+4:      It affects your AC (+4).
   Int+2:     It affects your intelligence (+2).
   rC++:      It greatly protects you from cold.
 I - a ring of wizardry
   (You found it on level 13 of the Dungeon)
 K - an amulet of magic regeneration (around neck)
   (You bought it in a shop on level 6 of the Dungeon)
 P - the ring "Reotew" (left hand) {Will+}
   (You bought it in a shop on level 2 of the Vaults)

   [ring of willpower]

   Will+:     It increases your willpower.
Wands
 f - a wand of polymorph (17)
   (You found it on level 12 of the Dungeon)
 p - a wand of acid (25) {@v1}
   (You found it on level 12 of the Dungeon)
 u - a wand of mindburst (40)
   (You found it on level 13 of the Dungeon)
 x - a wand of flame (106) {@v4}
   (You took it off a centaur on level 4 of the Dungeon)
 B - a wand of paralysis (44)
   (You found it in a Gauntlet)
 H - a wand of roots (26) {@v2}
   (You took it off Maurice on level 7 of the Dungeon)
 L - a wand of digging (35) {@v3}
   (You found it on level 15 of the Dungeon)
Scrolls
 h - 13 scrolls of teleportation {@r3 !r}
 n - 3 scrolls of silence {!r}
 o - 11 scrolls of poison
 s - a scroll of revelation {@r5 !r}
 v - 7 scrolls of vulnerability
 y - 9 scrolls of fog {!r}
 A - 3 scrolls of blinking {@r4}
 F - 15 scrolls of fear {!r}
 U - 6 scrolls of butterflies
 V - 8 scrolls of immolation
Potions
 d - 3 potions of brilliance
 g - 3 potions of resistance
 j - 25 potions of curing {@q1 !q}
 k - 4 potions of enlightenment
 l - 9 potions of magic
 q - 4 potions of haste {@q4 !q}
 w - 5 potions of lignification {@q6}
 z - 4 potions of invisibility
 C - 10 potions of heal wounds {@q2 !q}
 J - 7 potions of might {@q3 !q}
 M - 4 potions of ambrosia
 Q - 8 potions of mutation
 S - 6 potions of attraction
 W - 4 potions of berserk rage
 X - 3 potions of cancellation
Miscellaneous
 c - a sack of spiders
   (You found it on level 3 of the Elven Halls)
 e - a tin of tremorstones (2/2)
   (You found it on level 4 of the Swamp)
 N - a lightning rod (4/4)
   (You found it on level 9 of the Dungeon)
 O - a phial of floods
   (You found it on level 9 of the Dungeon)
 T - a phantom mirror
   (You found it on level 3 of the Elven Halls)


   Skills:
 + Level 21.9 Fighting
 - Level 5.0 Armour
 - Level 6.0 Dodging
 - Level 4.0 Stealth
 O Level 27 Shields
 - Level 14.0 Spellcasting
 - Level 18.0 Conjurations
 - Level 12.0 Summonings
 - Level 12.0 Fire Magic
 - Level 2.0 Air Magic
 - Level 14.0 Earth Magic
 - Level 7.0 Alchemy
 - Level 4.0 Evocations
 - Level 16.0 Shapeshifting


You had 2 spell levels left.
You knew the following spells:

 Your Spells              Type           Power      Damage    Failure   Level
a - Bombard               Conj/Erth      41%        9d7       1%          6
b - Spellforged Servitor  Conj/Summ      40%        N/A       4%          7
c - Lee's Rapid Deconstr  Erth           39%        3d19*     1%          5
d - Mephitic Cloud        Conj/Alch/Air  63%        N/A       1%          3
e - Stone Arrow           Conj/Erth      100%       3d13      0%          3
f - Starburst             Conj/Fire      50%        6d14      1%          6
g - Olgreb's Toxic Radia  Alch           56%        N/A       1%          4
h - Lehudib's Crystal Sp  Conj/Erth      41%        10d10     24%         8
i - Apportation           Tloc           38%        N/A       2%          1
p - Passwall              Alch/Erth      56%        N/A       1%          2
z - Irradiate             Conj/Alch      37%        3d24      1%          5
Y - Blink                 Tloc           38%        N/A       4%          2

Your spell library contained the following spells:

 Spells                   Type           Power      Damage    Failure   Level
 Sandblast                Erth           100%       2d20      0%          1
 Sting                    Conj/Alch      100%       1d9       0%          1
 Kiss of Death            Conj/Necr      100%       2d13      1%          1
 Shock                    Conj/Air       100%       1d9       1%          1
 Summon Small Mammal      Summ           100%       N/A       1%          1
 Cigotuvi's Dreadful Rot  Necr/Alch/Air  72%        N/A       1%          2
 Mercury Vapours          Alch/Air       88%        N/A       1%          2
 Momentum Strike          Conj/Tloc      100%       3d10      1%          2
 Scorch                   Fire           100%       2d9       1%          2
 Static Discharge         Conj/Air       100%       3-8/arc   1%          2
 Necrotise                Necr           76%        1d7       2%          1
 Ensorcelled Hibernation  Hex/Ice        38%        N/A       4%          2
 Lesser Beckoning         Tloc           38%        N/A       4%          2
 Sublimation of Blood     Necr           19%        N/A       4%          2
 Call Canine Familiar     Summ           72%        N/A       1%          3
 Dazzling Flash           Conj/Hex       100%       N/A       1%          3
 Hailstorm                Conj/Ice       63%        3d12      1%          3
 Inner Flame              Hex/Fire       68%        N/A       1%          3
 Summon Guardian Golem    Hex/Summ       52%        N/A       1%          3
 Volatile Blastmotes      Fire/Tloc      100%       2d18      1%          3
 Animate Armour           Summ/Erth      100%       N/A       1%          4
 Brom's Barrelling Bould  Conj/Erth      83%        2d9       1%          4
 Flame Wave               Conj/Fire      100%       2d21      1%          4
 Ignite Poison            Fire/Alch      83%        N/A       1%          4
 Iskenderun's Mystic Bla  Conj/Tloc      63%        2d13      1%          4
 Petrify                  Alch/Erth      68%        N/A       1%          4
 Sticky Flame             Fire/Alch      83%        2d13      1%          4
 Summon Lightning Spire   Summ/Air       56%        N/A       1%          4
 Fireball                 Conj/Fire      50%        3d20      1%          5
 Iskenderun's Battlesphe  Conj           88%        2d14      1%          5
 Orb of Destruction       Conj           44%        9d12      1%          7
 Summon Ice Beast         Ice/Summ       52%        N/A       2%          4
 Swiftness                Air            30%        N/A       3%          3
 Summon Cactus Giant      Summ           36%        N/A       3%          6
 Alistair's Intoxication  Alch           37%        N/A       4%          5
 Borgnjor's Vile Clutch   Necr/Erth      28%        N/A       4%          5
 Summon Forest            Summ/Tloc      26%        N/A       6%          5
 Summon Mana Viper        Hex/Summ       52%        N/A       6%          5
 Confusing Touch          Hex            19%        N/A       8%          3
 Fugue of the Fallen      Necr           19%        N/A       8%          3
 Gell's Gravitas          Tloc           19%        N/A       8%          3
 Sigil of Binding         Hex            19%        N/A       8%          3
 Teleport Other           Tloc           19%        N/A       8%          3
 Tukima's Dance           Hex            19%        N/A       8%          3
 Vampiric Draining        Necr           19%        2d7       8%          3
 Airstrike                Air            15%        2d(3-19)  12%         4
 Monstrous Menagerie      Summ           36%        N/A       16%         7
 Yara's Violent Unravell  Hex/Alch       19%        3d9       17%         5
 Eringya's Noxious Bog    Alch           28%        4d6       22%         6
 Anguish                  Hex/Necr       9%         N/A       26%         4
 Cause Fear               Hex            9%         N/A       26%         4
 Dimensional Bullseye     Hex/Tloc       9%         N/A       26%         4
 Dispel Undead            Necr           19%        3d11      26%         4
 Ignition                 Fire           46%        3d13      77%         8
 Summon Horrible Things   Summ           36%        N/A       77%         8
 Haunt                    Necr/Summ      26%        N/A       88%         7
 Malign Gateway           Summ/Tloc      26%        N/A       88%         7
 Death Channel            Necr           9%         N/A       99%         6
 Dispersal                Tloc           9%         N/A       99%         6
 Fire Storm               Conj/Fire      50%        8d13      99%         9
 Enfeeble                 Hex            9%         N/A       100%        7
 Ozocubu's Refrigeration  Ice            9%         4d9       100%        7
 Borgnjor's Revivificati  Necr           9%         N/A       100%        8
 Disjunction              Tloc           9%         N/A       100%        8
 Infestation              Necr           9%         N/A       100%        8
 Maxwell's Capacitive Co  Air            15%        ∞         100%        8
 Death's Door             Necr           9%         N/A       100%        9
 Dragon's Call            Summ           36%        N/A       100%        9
 Polar Vortex             Ice            9%         12d1*     100%        9
 Simulacrum               Ice/Necr       Unusable   N/A       N/A         6

Dungeon Overview and Level Annotations

Branches:
Dungeon (15/15)            Temple (1/1) D:6            Lair (5/5) D:9
  Swamp (4/4) Lair:2        Snake (4/4) Lair:3        Slime (3/5) Lair:4
    Orc (2/2) D:12            Elf (3/3) Orc:2        Vaults (5/5) D:13
  Crypt (3/3) Vaults:3       Tomb (0/3) Crypt:3      Depths (4/4) D:15
    Zot (5/5) Depths:4      IceCv (visited)         Gauntlet (visited)

Altars:
Ashenzari
Cheibriados
Dithmenos
Elyvilon
Fedhas
Gozag
Hepliaklqana
Kikubaaqudgha
Makhleb
Nemelex Xobeh
Okawaru
Qazlal
Ru
Sif Muna
Trog
Uskayaw
Vehumet
Wu Jian
Xom
Yredelemnul
Zin
The Shining One
Jiyva

Shops:
D:6 =:   D:7 (   D:12 (   Orc:2 [*([   Elf:1 !   Elf:3 (   Snake:2 **
Snake:3 [*:   Snake:4 !   Vaults:2 =   Vaults:5 *??

Portals:
Hell: Depths:1 Depths:2 Depths:3 Depths:4
Abyss: Depths:1 Depths:3 Depths:4
Pandemonium: Depths:2
Ziggurat: Depths:1
Trove: D:10 (give +4 storm dragon scales)

Annotations:
Snake:4 2 transporters, catramo's ghost, adept DrSh
Elf:3 1 runed translucent door, bumbalina's ghost, adept FoHu
Vaults:1 4 runed translucent doors, Wiath's ghost, adept DrBr
Zot:2 4 transporters
Zot:5 exclusion: obsidian statue


Innate Abilities, Weirdness & Mutations

You are too large for most types of armour.
You have tough skin. (AC +1)
You are vulnerable to heat. (rF-)
You occasionally lose the ability to read scrolls when taking damage.


Message History

Your spellforged servitor is shoved backwards!
You see here a +0 short sword.
The hell beast bites your spellforged servitor but does no damage.
The hell beast tramples your spellforged servitor!
Your spellforged servitor is shoved backwards!
Your spellforged servitor points at the hell beast and mumbles some strange words.
The crystal spear hits the hell beast!!!
The hell beast dies!
You see here a +0 flail.
Really quaff
C - 13 potions of heal wounds {@q2 !q}?
You feel much better.
Really quaff
C - 12 potions of heal wounds {@q2 !q}?
You feel much better.
Really quaff
C - 11 potions of heal wounds {@q2 !q}?
You feel much better.
There is a stone staircase leading up here.
(D) Dungeon (T) Temple (L) Lair (S) Swamp (P) Snake Pit (M) Slime Pits (O) Orcish Mines (E) Elven Halls (V) Vaults (C) Crypt (W) Tomb (U) Depths (H) Hell (Z) Zot
Where to? (Tab/Enter - D:1 @ (x,y), ? - help) Magic restored.
You climb upwards.
Your summoned ally is left behind.
There is a stone staircase leading down here.
There is a stone staircase leading up here.
You climb upwards.
There is a stone staircase leading down here.
There is a stone staircase leading up here.
You climb upwards.
There is a stone staircase leading down here.
There is a stone staircase leading up here.
You climb upwards.
A cacodemon comes into view.
There is a stone staircase leading down here.
Unknown command.
Casting: Spellforged Servitor (mildly dangerous; 4% risk of failure)
Confirm with . or Enter, or press ? or * to list all spells.
Aiming: Bombard (mildly dangerous; 1% risk of failure)
Press: ? - help, Shift-Dir - straight line, f - cacodemon
Aim: a cacodemon (76% to hit)
The iron shot hits the cacodemon!!
The cacodemon is moderately wounded.
The blast sends you backwards.
Casting: Bombard (mildly dangerous; 1% risk of failure)
Confirm with . or Enter, or press ? or * to list all spells.
Aiming: Bombard (mildly dangerous; 1% risk of failure)
Press: ? - help, Shift-Dir - straight line, f - you, p - cacodemon That beam is likely to hit you.
Continue anyway?
Okay, then.
Casting: Bombard (mildly dangerous; 1% risk of failure)
Confirm with . or Enter, or press ? or * to list all spells.
You summon a servant imbued with your destructive magic!
The cacodemon gestures at you. You resist with almost no effort.
Your spellforged servitor gestures at the cacodemon while chanting.
The crystal spear hits the cacodemon!!!
Casting: Spellforged Servitor (mildly dangerous; 4% risk of failure)
Confirm with . or Enter, or press ? or * to list all spells.
Aiming: Bombard (mildly dangerous; 1% risk of failure)
Press: ? - help, Shift-Dir - straight line, f - cacodemon
Aim: a cacodemon (severely wounded, not watching you, ally target, 76% to hit)
The iron shot misses the cacodemon.
The cacodemon gestures at the rock wall.
Some rock shatters into small pieces.
Casting: Bombard (mildly dangerous; 1% risk of failure)
Confirm with . or Enter, or press ? or * to list all spells.
Aiming: Bombard (mildly dangerous; 1% risk of failure)
Press: ? - help, Shift-Dir - straight line, f/p - cacodemon
Aim: a cacodemon (severely wounded, not watching you, ally target, 76% to hit)
The iron shot hits the cacodemon!!!
You kill the cacodemon!
An orange demon comes into view.
You see here a +0 dagger.
The orange demon barely misses your spellforged servitor. x2
The orange demon stings your spellforged servitor!
The orange demon hits your spellforged servitor.
Your spellforged servitor looks weaker.
Your spellforged servitor points at the orange demon and mumbles some strange words.
The crystal spear hits the orange demon!!!!
The orange demon dies!
(D) Dungeon (T) Temple (L) Lair (S) Swamp (P) Snake Pit (M) Slime Pits (O) Orcish Mines (E) Elven Halls (V) Vaults (C) Crypt (W) Tomb (U) Depths (H) Hell (Z) Zot
Where to? (Tab/Enter - D:1 @ (x,y), ? - help)
You open the door.
There is an open door here.
Your spellforged servitor disappears in a puff of smoke!
There is a stone staircase leading up here.
You climb upwards.
There is a stone staircase leading down here.
Magic restored.
There is a stone staircase leading up here.
You see here a +0 dagger.
You climb upwards.
There is a stone staircase leading down here.
There is an open door here.
There is a staircase leading out of the dungeon here.
Okay, then.
You have escaped!

#.#.# ######### #.#.#
#....### #.#.#
#....##. #...#
#....##. #..####
#....##. #.....##
#....##. ###
###.#..###....'..
#>######.##........###
#....@##.#####.......#
#.######...# ##.####..
#'##....##.####.######
#..#.#.....#..........
##...#..###...........
###....#.#...........
#.......#...........
#.###...#...........
#.#.......######....


There were no monsters in sight!

Vanquished Creatures
  4 dread liches
  3 ancient liches
  Mara (Vaults:2)
  Boris (5 times) (Vaults:2 Depths:3 Depths:4 Crypt:2 Vaults:5)
  2 Killer Klowns (Zot:5)
  4 caustic shrikes (Depths:4)
  A bone dragon (Crypt:3)
  3 golden dragons
  Nikola (Swamp:1)
  A doom hound (Depths:2)
  An electric golem (Zot:5)
  4 tentacled monstrosities
  Jorgrun (Elf:2)
  Rupert (D:15)
  A walking crystal tome (Depths:3)
  8 liches
  7 Orb Guardians
  A deep elf master archer (Elf:3)
  A titan (Vaults:5)
  3 sphinxes
  A walking frostbound tome (Depths:1)
  Agnes (Snake:4)
  Frances (Swamp:2)
  3 ancient champions
  3 quicksilver dragons
  Gastronok (Orc:1)
  An acid blob (Slime:1)
  6 death cobs
  A storm dragon (Zot:1)
  2 thorn hunters
  A shadow dragon (Vaults:5)
  4 draconian monks
  2 azure jellies
  5 tengu reavers
  8 nagarajas (Snake:4)
  2 revenants
  4 fire giants
  6 frost giants
  A protean progenitor (Zot:3)
  A draconian knight (Zot:3)
  3 deep elf sorcerers (Elf:3)
  12 vault wardens
  2 draconian scorchers
  A spectral caustic shrike (Depths:2)
  3 deep elf elementalists (Elf:3)
  A draconian shifter (Zot:1)
  Louise (Swamp:1)
  A balrug (Depths:3)
  A caustic shrike zombie (Crypt:3)
  A draconian stormcaller (Zot:2)
  A demonspawn corrupter (Depths:4)
  An orc warlord (Orc:1)
  A cacodemon (D:3)
  A ghost moth (Zot:5)
  A reaper (IceCv)
  A draconian annihilator (Zot:5)
  16 very ugly things
  11 ironbound preservers
  A quicksilver ooze (Slime:1)
  3 war gargoyles
  5 ironbound thunderhulks
  11 stone giants
  3 formless jellyfish
  5 black draconians
  7 vampire knights
  3 bunyips
  10 dire elephants
  4 eleionomae
  A minotaur (Gauntlet)
  3 purple draconians
  2 green draconians
  4 yellow draconians
  6 deep elf demonologists
  A deep elf annihilator (Elf:3)
  3 white draconians
  6 deep elf death magi
  4 red draconians
  7 spark wasps
  3 crystal guardians
  6 eidola
  Snorg (Lair:3)
  A spectral golden dragon (Depths:2)
  An entropy weaver (shapeshifter) (D:14)
  8 jiangshi
  6 yaktaur captains
  2 entropy weavers
  7 ettins
  A shambling mangrove (Swamp:4)
  5 salamander tyrants
  A spectral spriggan (Depths:2)
  3 deep elf high priests
  3 fire dragons
  A rakshasa (Depths:2)
  Fannar (Orc:1)
  An ogre mage (Vaults:5)
  26 hydras
  A great orb of eyes (Vaults:4)
  4 two-headed ogres
  A hell beast (Depths:2)
  2 caustic shrike simulacra (Depths:2)
  2 spriggan air magi (Depths:4)
  26 vault guards
  6 ironbound frosthearts
  A ghost crab (Swamp:1)
  13 alligators
  8 centaur warriors
  2 catoblepae
  35 dancing weapons
  3 deep troll shamans
  3 boulder beetles
  A two-headed ogre (shapeshifter) (D:15)
  6 anacondas
  A satyr (Zot:3)
  4 tengu warriors
  13 vampire magi
  16 naga warriors
  A spectral storm dragon (Depths:2)
  2 hell hogs (Lair:5)
  A deep troll earth mage (Depths:3)
  7 spriggan berserkers
  4 hell knights
  2 orc high priests (Orc:2)
  13 deep elf knights
  2 soul eaters
  9 naga sharpshooters
  6 shock serpents
  2 skysharks (Lair:4)
  3 sun demons
  An iron troll (Vaults:3)
  Sonja (Lair:2)
  5 goliath frogs
  Lodul (D:14)
  5 salamander mystics
  3 shadow wraiths
  17 skeletal warriors
  A sea snake (shapeshifter) (Vaults:5)
  7 spriggan druids
  A quicksilver dragon simulacrum (Zot:4)
  8 sea snakes
  A sixfirhy (Depths:2)
  2 glowing orange brains
  17 deep trolls
  4 bog bodies
  9 deep elf archers
  A spark wasp zombie (Depths:2)
  13 ironbound convokers
  9 naga ritualists
  4 arcanists
  5 flayed ghosts
  7 phantasmal warriors
  5 swamp dragons
  Pikel (D:8)
  9 lindwurms
  4 harpies (Vaults:2)
  6 necromancers
  3 orc knights
  6 orc sorcerers
  7 mana vipers
  A mana viper (shapeshifter) (Vaults:5)
  2 oklob plants
  19 deep elf zephyrmancers
  4 manticores
  19 deep elf pyromancers
  3 wolf spiders
  23 ugly things
  Maurice (D:7)
  A will-o-the-wisp (Swamp:3)
  4 cyclopes
  5 moths of wrath
  The ghost of GrimJard the Basher, a novice OgGl (D:6)
  43 black mambas
  27 salamanders
  8 vault sentinels
  A torpor snail (Lair:4)
  An ice statue (IceCv)
  5 guardian serpents
  3 kobold blastminers (Orc:1)
  An eye of devastation (Slime:2)
  An orange demon (Orc:2)
  3 molten gargoyles (Lair:5)
  8 elephants
  Maggie (D:8)
  14 naga magi
  A naga zombie (Crypt:3)
  7 cane toads
  3 gargoyles
  5 unseen horrors
  2 kobold demonologists
  A rime drake (Lair:4)
  5 freezing wraiths
  9 komodo dragons
  15 yaktaurs
  3 tengu conjurers
  An efreet (D:9)
  An anaconda simulacrum (IceCv)
  A hydra zombie (Crypt:3)
  A bloated husk (Swamp:2)
  8 hornets
  3 meliai (D:15)
  7 trolls
  10 nameless horrors
  Prince Ribbit (Lair:3)
  2 polar bears
  10 tyrant leeches
  A raiju (Orc:2)
  Grinder (D:4)
  15 blink frogs
  2 raiju (shapeshifter)
  3 glass eyes (Elf:1)
  5 dream sheep (Lair:4)
  A satyr zombie (Crypt:1)
  3 air elementals
  76 slime creatures
  4 shadows (Gauntlet)
  23 flying skulls
  3 wraiths
  A dire elephant simulacrum (IceCv)
  10 spriggans
  11 wyverns
  42 yaks
  7 basilisks
  Grum (D:11)
  9 water elementals
  A neqoxec (D:13)
  2 fire elementals (Elf:1)
  A fire bat (Orc:2)
  A hog (shapeshifter) (Vaults:5)
  3 wargs
  3 steam dragons
  8 vampire mosquitoes
  A death yak simulacrum (IceCv)
  Menkaure (D:7)
  A swamp worm (shapeshifter) (Depths:3)
  44 nagas
  3 redbacks (Vaults:4)
  The ghost of bumbalina the Shield-Bearer, an amateur GrFi of the Shining One (D:4)
  A harpy simulacrum (IceCv)
  11 swamp worms
  11 water moccasins
  3 acid dragons
  8 swamp drakes (Swamp:4)
  6 hell hounds
  A meliai simulacrum (D:15)
  2 black bears
  2 moth of wrath simulacra (Zot:4)
  A sky beast (D:7)
  29 orc warriors
  3 ice beasts
  17 ogres
  6 centaurs
  8 wolves
  A swamp dragon skeleton (Crypt:1)
  3 lemures (D:8)
  A phantom (D:5)
  A yaktaur zombie (Crypt:1)
  18 bullfrogs
  A gnoll sergeant (D:12)
  9 two-headed ogre simulacra (IceCv)
  A cane toad simulacrum (IceCv)
  3 earth elementals
  4 scorpions
  A wyvern skeleton (Crypt:2)
  6 wights (D:9)
  A polar bear zombie (Crypt:2)
  9 killer bees
  2 elephant simulacra (IceCv)
  8 howler monkeys
  3 electric eels
  5 lava snakes (Lair:5)
  2 centaur zombies (D:8)
  3 hounds (D:6)
  4 gnoll boudas
  29 orc priests
  2 jellies
  2 sleepcaps
  An iguana (D:6)
  47 orc wizards
  A polar bear simulacrum (IceCv)
  8 spriggan simulacra (IceCv)
  3 troll simulacra (IceCv)
  A wolf simulacrum (IceCv)
  2 killer bee zombies (D:8)
  A mummy (D:8)
  23 gnolls
  6 adders
  5 naga simulacra (IceCv)
  3 shadow imps
  22 white imps
  6 ufetubi
  A lava snake zombie (Crypt:2)
  6 worms
  112 orcs
  7 ball pythons
  11 endoplasms
  5 giant cockroaches
  9 goblins
  8 hobgoblins
  3 jackals (D:2)
  5 kobolds
  2 quokkas (D:2)
  3 bats
  5 rats
  A spectral weapon (Vaults:5)
1813 creatures vanquished.

Vanquished Creatures (collateral kills)
  An ancient lich (Vaults:5)
  An orb of fire (Zot:5)
  A juggernaut (Depths:4)
  Josephina (Zot:4)
  2 bone dragons
  2 golden dragons
  An electric golem (Zot:1)
  7 tentacled monstrosities
  A titan (Vaults:5)
  16 Orb Guardians (Zot:5)
  2 deep elf blademasters
  A deep elf master archer (Elf:3)
  A sphinx (Vaults:3)
  2 acid blobs (Slime:1)
  3 quicksilver dragons
  2 ancient champions
  5 tengu reavers
  5 shadow dragons
  9 storm dragons
  Roxanne (Swamp:1)
  2 draconian monks
  3 azure jellies
  A rockslime (Slime:1)
  8 fire giants
  3 protean progenitors
  4 vault wardens
  3 draconian shifters
  2 draconian knights
  3 iron dragons
  3 deep elf sorcerers (Elf:3)
  4 deep elf elementalists (Elf:3)
  2 frost giants
  2 spectral juggernauts (Depths:2)
  A balrug (Depths:4)
  5 draconian annihilators
  2 war gargoyles (Crypt:3)
  A spectral caustic shrike (Depths:2)
  A reaper (Crypt:2)
  2 ghouls (Crypt:2)
  A formless jellyfish (Slime:1)
  8 very ugly things
  A caustic shrike skeleton (Crypt:3)
  2 quicksilver oozes
  5 ironbound thunderhulks
  8 stone giants
  5 ironbound preservers
  A deep elf death mage (Elf:3)
  A deep elf demonologist (Elf:3)
  3 vampire knights
  4 black draconians
  3 green draconians
  6 dire elephants
  4 deep elf annihilators
  3 spark wasps
  8 white draconians
  3 purple draconians
  3 red draconians
  3 yellow draconians
  6 jiangshi
  15 ettins
  An eidolon (Crypt:1)
  A merfolk javelineer (Depths:3)
  A spectral quicksilver dragon (Depths:2)
  A crystal guardian (Crypt:3)
  3 yaktaur captains
  6 fire dragons
  8 deep elf high priests
  2 spectral golden dragons (Depths:2)
  A rakshasa (Depths:3)
  7 vault guards
  A great orb of eyes (Vaults:2)
  6 ice dragons
  A spriggan zombie (Crypt:3)
  A peacekeeper (Vaults:4)
  An ogre mage (Vaults:5)
  A sphinx zombie (Depths:1)
  3 death knights
  4 hell beasts
  4 spriggan air magi
  3 satyrs
  A centaur warrior (Vaults:2)
  8 ironbound frosthearts
  2 deep troll earth magi
  9 dancing weapons
  4 tengu warriors
  A titan zombie (Vaults:2)
  A deep troll shaman (Depths:3)
  3 spriggan berserkers
  12 hell knights
  A spriggan (Depths:4)
  A titan skeleton (Crypt:1)
  9 iron trolls
  A bunyip zombie (Crypt:3)
  4 deep elf knights
  3 soul eaters
  A golden dragon zombie (Crypt:3)
  14 skeletal warriors
  26 deep trolls
  4 flayed ghosts
  A deep elf archer (Elf:3)
  4 glowing orange brains
  2 tengu zombies (Depths:1)
  13 lindwurms
  An arcanist (Vaults:2)
  5 phantasmal warriors
  A harpy (Vaults:2)
  4 deep elf zephyrmancers
  3 ironbound convokers
  An orc knight (Vaults:5)
  5 deep elf pyromancers
  A wolf spider (Zot:4)
  An anaconda skeleton (Crypt:3)
  A broodmother zombie (Crypt:2)
  4 necromancers (Crypt:3)
  A golden dragon skeleton (Depths:2)
  An oklob plant (Lair:4)
  A shining eye (Slime:1)
  16 ugly things
  A salamander (Depths:1)
  A spectral spriggan (Depths:2)
  A salamander (shapeshifter) (Vaults:5)
  5 nameless horrors
  A dire elephant zombie (Crypt:3)
  10 moths of wrath
  A moth of wrath (shapeshifter) (Vaults:5)
  A guardian serpent (shapeshifter) (Vaults:5)
  A centaur zombie (Crypt:3)
  A titan simulacrum (Depths:2)
  8 vault sentinels
  A smoke demon (Depths:4)
  12 yaktaurs
  A large abomination (Zot:1)
  A pale draconian zombie (Crypt:2)
  An orange demon (D:3)
  A dire elephant skeleton (Crypt:3)
  A golden dragon simulacrum (Depths:2)
  2 freezing wraiths
  2 spriggan skeletons (Depths:2)
  4 tengu conjurers
  A troll (Vaults:5)
  A hornet (Depths:4)
  A dream sheep (shapeshifter) (Depths:3)
  A black mamba zombie (Crypt:3)
  A fire dragon zombie (Crypt:3)
  42 slime creatures
  An air elemental (Elf:3)
  26 flying skulls
  3 wraiths
  2 water elementals
  2 golden eyes (Slime:2)
  A fire elemental (Elf:3)
  A white draconian simulacrum (Zot:4)
  A naga zombie (Crypt:3)
  A green draconian simulacrum (Zot:4)
  A human simulacrum (Vaults:2)
  2 glowing shapeshifter zombies
  An entropy weaver zombie (Vaults:2)
  A merfolk zombie (Crypt:2)
  A glowing shapeshifter skeleton (Depths:2)
  An orc warrior (Vaults:5)
  An ogre (shapeshifter) (Vaults:5)
  A hog zombie (Crypt:1)
  A lindwurm skeleton (Crypt:2)
  2 necrophages (Crypt:3)
  An elf skeleton (Crypt:1)
  A human skeleton (Crypt:1)
  A boggart skeleton (Crypt:2)
  An acid dragon zombie (Crypt:2)
  A swamp drake zombie (Crypt:1)
  2 orcs (Vaults:5)
  A bat skeleton (Crypt:2)
  A goblin (Vaults:1)
  A river rat skeleton (Crypt:1)
600 creatures vanquished.

Vanquished Creatures (others)
  Vv (Zot:4)
  A fire giant (Vaults:5)
  An ice dragon (Depths:2)
  An orc warrior (Vaults:5)
  An orc priest (Orc:2)
  2 foxfires (Swamp:3)
7 creatures vanquished.

Grand Total: 2420 creatures vanquished

Notes
Turn   | Place    | Note
-------+----------+-------------------------------------------
     0 | D:1      | EnegeticOcto the Ogre Alchemist began the quest for the
                  | Orb.
     0 | D:1      | Reached XP level 1. HP: 16/16 MP: 3/3
   437 | D:1      | Reached skill level 2 in Stealth
   480 | D:1      | Reached XP level 2. HP: 25/26 MP: 1/5
   583 | D:1      | Reached skill level 1 in Fighting
   583 | D:1      | Reached skill level 1 in Conjurations
   586 | D:1      | Learned a level 2 spell: Mercury Vapours
  1200 | D:2      | Reached skill level 3 in Alchemy
  1200 | D:2      | Reached XP level 3. HP: 33/33 MP: 1/6
  1238 | D:2      | Reached skill level 1 in Air Magic
  1426 | D:2      | Learned a level 1 spell: Sandblast
  2040 | D:2      | Reached XP level 4. HP: 40/41 MP: 0/7
  2254 | D:3      | Found a faded altar of an unknown god.
  2319 | D:3      | Identified the +11 plate armour of the Bull {+Inv rPois
                  | Str-5 Dex+4}
  2543 | D:3      | Reached skill level 1 in Earth Magic
  2640 | D:3      | Found a snail-covered altar of Cheibriados.
  2650 | D:3      | Reached skill level 2 in Air Magic
  2772 | D:3      | Reached skill level 2 in Conjurations
  2772 | D:3      | Reached XP level 5. HP: 45/48 MP: 0/8
  3351 | D:3      | Reached skill level 2 in Earth Magic
  3531 | D:3      | Learned a level 3 spell: Mephitic Cloud
  3946 | D:4      | Found a runed translucent door.
  3946 | D:4      | Noticed bumbalina's ghost (amateur GrFi)
  3955 | D:4      | Noticed an ogre
  4000 | D:4      | Reached skill level 3 in Conjurations
  4000 | D:4      | Reached XP level 6. HP: 43/55 MP: 0/9
  4133 | D:4      | Reached skill level 3 in Earth Magic
  4189 | D:4      | Found a burning altar of Makhleb.
  4217 | D:4      | Reached skill level 2 in Fighting
  4217 | D:4      | Reached skill level 3 in Spellcasting
  4353 | D:4      | Reached XP level 7. HP: 64/66 MP: 7/11
  4409 | D:4      | Reached skill level 3 in Fighting
  4441 | D:4      | Noticed Grinder
  4796 | D:5      | Entered Level 5 of the Dungeon
  4963 | D:5      | Learned a level 4 spell: Olgreb's Toxic Radiance
  5048 | D:5      | Reached skill level 4 in Alchemy
  5051 | D:5      | Reached skill level 4 in Fighting
  5051 | D:5      | Reached skill level 4 in Spellcasting
  5814 | D:5      | Reached skill level 5 in Alchemy
  5814 | D:5      | Reached XP level 8. HP: 73/78 MP: 7/14
  6168 | D:5      | Reached skill level 6 in Alchemy
  6302 | D:5      | Learned a level 4 spell: Sticky Flame
  6566 | D:6      | Noticed a komodo dragon
  6592 | D:6      | Killed a komodo dragon
  6593 | D:6      | Reached skill level 5 in Fighting
  6593 | D:6      | Reached skill level 1 in Fire Magic
  6706 | D:6      | Reached skill level 3 in Stealth
  6706 | D:6      | Reached skill level 5 in Spellcasting
  6706 | D:6      | Reached skill level 2 in Fire Magic
  6963 | D:6      | Reached XP level 9. HP: 89/89 MP: 4/16
  7271 | D:6      | Reached skill level 6 in Fighting
  7391 | D:6      | Found a runed translucent door.
  7392 | D:6      | Noticed GrimJard's ghost (novice OgGl)
  7398 | D:6      | Found Nocoor's Book Shop.
  7436 | D:6      | Found a staircase to the Ecumenical Temple.
  7451 | Temple   | Entered the Ecumenical Temple
  7479 | Temple   | Became a worshipper of Gozag Ym Sagoz the Greedy
  7876 | D:6      | Found Ycwoc's Magic Scroll Shoppe.
  7883 | D:6      | Bought a scroll of fear for 44 gold pieces
  7883 | D:6      | Bought a scroll of identify for 22 gold pieces
  7883 | D:6      | Bought a scroll of identify for 22 gold pieces
  7883 | D:6      | Bought a scroll of enchant armour for 82 gold pieces
  7899 | D:6      | Bought a scroll of vulnerability for 44 gold pieces
  7994 | D:6      | Reached skill level 3 in Fire Magic
  8136 | D:6      | Found Pamiq's Jewellery Shoppe.
  8367 | D:7      | Noticed Menkaure
  8371 | D:7      | Killed Menkaure
  8421 | D:7      | Reached skill level 6 in Spellcasting
  8588 | D:7      | Reached skill level 4 in Stealth
  8701 | D:7      | Reached skill level 7 in Fighting
  9048 | D:7      | Reached skill level 4 in Fire Magic
  9211 | D:7      | Found Xulid's Weapon Shop.
  9364 | D:7      | Noticed Maurice
  9381 | D:7      | Killed Maurice
  9382 | D:7      | Reached skill level 5 in Fire Magic
  9543 | D:7      | Reached skill level 6 in Fire Magic
  9803 | D:4      | Killed Grinder
  9804 | D:4      | Reached XP level 10. HP: 102/102 MP: 10/19
  9943 | D:7      | Found a hide-covered altar of Uskayaw.
  9943 | D:7      | Found a sparkling altar of Nemelex Xobeh.
 10415 | D:8      | Reached skill level 7 in Fire Magic
 10549 | D:8      | Learned a level 6 spell: Starburst
 10772 | D:6      | Bought an amulet of magic regeneration for 360 gold pieces
 11215 | D:8      | Noticed Maggie
 11236 | D:8      | Killed Maggie
 11429 | D:8      | Noticed Pikel
 11439 | D:8      | Killed Pikel
 11564 | D:8      | Identified the +1 leather armour of the Dice {rElec}
 11848 | D:9      | Reached skill level 8 in Fighting
 11886 | D:9      | Reached skill level 4 in Conjurations
 11913 | D:9      | Found a staircase to the Lair.
 11984 | D:9      | Reached skill level 7 in Spellcasting
 12199 | D:9      | Reached skill level 8 in Fire Magic
 12202 | D:9      | Reached XP level 11. HP: 95/113 MP: 10/22
 12206 | D:9      | Reached skill level 9 in Fighting
 12348 | D:9      | Reached skill level 5 in Conjurations
 12489 | D:9      | Reached skill level 8 in Spellcasting
 12571 | D:9      | Noticed a two-headed ogre
 12597 | D:9      | Killed a two-headed ogre
 12879 | D:9      | Reached skill level 10 in Fighting
 13058 | D:9      | Reached skill level 6 in Conjurations
 13117 | D:9      | Learned a level 3 spell: Stone Arrow
 13224 | D:9      | Noticed a deep elf pyromancer
 13224 | D:9      | Noticed a manticore
 13226 | D:9      | Noticed a six-headed hydra
 13299 | D:9      | Reached skill level 9 in Fire Magic
 13564 | D:9      | Killed a deep elf pyromancer
 13607 | D:9      | Identified the +5 great sword "Tiesuixzy" {freeze, *Noise
                  | MP+9 Int-5 Dex+6}
 13607 | D:9      | Noticed a centaur warrior
 13615 | D:9      | Killed a manticore
 13627 | D:9      | Killed a centaur warrior
 13628 | D:9      | Reached skill level 11 in Fighting
 13817 | D:9      | Killed a six-headed hydra
 13818 | D:9      | Reached XP level 12. HP: 130/130 MP: 9/24
 13958 | D:10     | Entered Level 10 of the Dungeon
 13970 | D:10     | Reached skill level 7 in Conjurations
 14319 | D:10     | Found a portal to a secret trove of treasure.
 14390 | D:10     | Noticed a tengu warrior
 14705 | D:10     | Killed a tengu warrior
 15067 | D:6      | Bought a scroll of teleportation for 33 gold pieces
 15067 | D:6      | Bought a scroll of teleportation for 33 gold pieces
 15067 | D:6      | Bought a scroll of teleportation for 33 gold pieces
 15107 | D:6      | Bought a book of Transmutation for 392 gold pieces
 15116 | D:6      | Learned a level 5 spell: Irradiate
 15517 | Lair:1   | Entered Level 1 of the Lair of Beasts
 15529 | Lair:1   | Reached skill level 12 in Fighting
 15532 | Lair:1   | Reached skill level 10 in Fire Magic
 15582 | Lair:1   | Reached skill level 8 in Conjurations
 15640 | Lair:1   | Found a gate leading to a gauntlet.
 15649 | Gauntlet | Entered a Gauntlet
 15649 | Gauntlet | Found a transporter.
 15659 | Gauntlet | Noticed a green death
 15729 | Gauntlet | Found a transporter.
 15730 | Gauntlet | Found a transporter.
 15731 | Gauntlet | Found a transporter.
 15734 | Gauntlet | Found a transporter.
 15735 | Gauntlet | Found a transporter.
 15743 | Gauntlet | Found a transporter.
 15744 | Gauntlet | Noticed a quicksilver ooze
 15745 | Gauntlet | Noticed a reaper
 15750 | Gauntlet | Found a transporter.
 15810 | Gauntlet | Found a transporter.
 15811 | Gauntlet | Found a transporter.
 15815 | Gauntlet | Found a transporter.
 15822 | Gauntlet | Noticed a reaper
 15829 | Gauntlet | Found a transporter.
 16014 | Gauntlet | Identified the ring of the Majestic Apricot {Str+6 Dex+2}
 16060 | Gauntlet | Noticed a minotaur
 16120 | Gauntlet | Killed a minotaur
 16316 | Gauntlet | Identified the +2 leather armour of Qazlal's Favour {Int+3}
 16316 | Gauntlet | Identified the +0 robe of Gluttony {Str+2}
 16721 | Lair:1   | Found a radiant altar of Vehumet.
 16736 | Lair:1   | Reached skill level 2 in Dodging
 16975 | Lair:1   | Reached skill level 1 in Armour
 17304 | Lair:2   | Reached skill level 3 in Dodging
 17312 | Lair:2   | Reached skill level 2 in Armour
 17312 | Lair:2   | Reached skill level 9 in Conjurations
 17412 | Lair:2   | Reached skill level 11 in Fire Magic
 17415 | Lair:2   | Noticed Sonja
 17420 | Lair:2   | Killed Sonja
 17421 | Lair:2   | Reached XP level 13. HP: 140/140 MP: 1/25
 17837 | Lair:2   | Reached skill level 3 in Armour
 18086 | Lair:2   | Reached skill level 4 in Dodging
 18278 | Lair:2   | Found a staircase to the Swamp.
 18548 | Lair:3   | Noticed Prince Ribbit
 18559 | Lair:3   | Killed Prince Ribbit
 18781 | Lair:3   | Found a hide-covered altar of Uskayaw.
 18782 | Lair:3   | Found an ornate altar of the Wu Jian Council.
 18865 | Lair:3   | Identified the +5 chain mail of the Platytaur {Int+3}
 19068 | Lair:3   | Found a staircase to the Snake Pit.
 19068 | Lair:3   | Noticed Snorg
 19087 | Lair:3   | Reached skill level 4 in Armour
 19152 | Lair:3   | Killed Snorg
 19153 | Lair:3   | Reached skill level 5 in Dodging
 19621 | Lair:4   | Reached skill level 10 in Conjurations
 19985 | Lair:4   | Found a shimmering blue altar of Sif Muna.
 20100 | Lair:4   | Found a viscous altar of Jiyva.
 20102 | Lair:4   | Found a staircase to the Slime Pits.
 20504 | Lair:4   | Reached skill level 5 in Armour
 20504 | Lair:4   | Reached skill level 12 in Fire Magic
 20607 | Lair:5   | Entered Level 5 of the Lair of Beasts
 20629 | Lair:5   | Reached skill level 6 in Dodging
 20645 | Lair:5   | Reached XP level 14. HP: 140/149 MP: 10/26
 20874 | Lair:5   | Reached skill level 11 in Conjurations
 22432 | D:11     | You fall into a shaft and drop 3 floors!
 22741 | D:13     | Reached skill level 12 in Conjurations
 22828 | D:13     | Reached skill level 1 in Shields
 23242 | D:13     | Reached skill level 2 in Shields
 23336 | D:13     | Found a gate to the Vaults.
 23723 | D:12     | Found a staircase to the Orcish Mines.
 23725 | D:12     | Found a frozen archway.
 23869 | IceCv    | Entered an ice cave
 24328 | IceCv    | Noticed a reaper
 24330 | IceCv    | Killed a reaper
 24331 | IceCv    | Reached skill level 3 in Shields
 25571 | D:12     | Reached skill level 4 in Shields
 25571 | D:12     | Reached skill level 9 in Spellcasting
 25712 | D:12     | Found Zifaz's Antique Weapon Emporium.
 25720 | D:12     | Bought a slimy broad axe for 234 gold pieces
 25720 | D:12     | Identified the +10 broad axe of Awkwardness {freeze, rN+
                  | Int+2 Dex-5} (You bought it in a shop on level 12 of the
                  | Dungeon)
 25871 | D:12     | Reached skill level 7 in Alchemy
 26112 | D:12     | Reached skill level 5 in Shields
 26406 | D:11     | Noticed Grum
 26416 | D:11     | Killed Grum
 26475 | D:11     | Identified the +1 robe of Inaction {Dex+3 Slay-6 Stlth+}
 26785 | Orc:1    | Entered Level 1 of the Orcish Mines
 26788 | Orc:1    | Noticed an orc warlord
 26792 | Orc:1    | Reached XP level 15. HP: 129/156 MP: 17/28
 26803 | Orc:1    | Killed an orc warlord
 26931 | Orc:1    | Reached skill level 6 in Shields
 27208 | Orc:1    | Noticed Gastronok
 27231 | Orc:1    | Killed Gastronok
 27256 | Orc:1    | Reached skill level 7 in Shields
 27404 | Orc:2    | Entered Level 2 of the Orcish Mines
 27494 | Orc:2    | Reached skill level 13 in Conjurations
 27678 | Orc:2    | Reached skill level 8 in Shields
 27762 | Orc:2    | Found Ogojorgh's Antique Armour Shop.
 27762 | Orc:2    | Found Ennoux's Antique Armour Boutique.
 27762 | Orc:2    | Found Fucuuwy's Antique Weapon Boutique.
 27916 | Orc:2    | Found Qoffuebu's General Store.
 27920 | Orc:2    | Bought a scroll of fear for 64 gold pieces
 27920 | Orc:2    | Bought 5 curare-tipped darts for 96 gold pieces
 27923 | Orc:2    | Bought a faintly glowing cloak for 256 gold pieces
 27923 | Orc:2    | Identified the +5 cloak of the King of the Hill {Dex+3}
                  | (You bought it in a shop on level 2 of the Orcish Mines)
 27934 | Orc:2    | Bought a heavily runed troll leather armour for 540 gold
                  | pieces
 27934 | Orc:2    | Identified the +1 troll leather armour "Pumil" {Regen+
                  | Str+4} (You bought it in a shop on level 2 of the Orcish
                  | Mines)
 27937 | Orc:2    | Bought a glowing hat for 203 gold pieces
 27937 | Orc:2    | Bought the +5 robe of Night {Dark Will+ SInv} for 1740 gold
                  | pieces
 27937 | Orc:2    | Found the +5 robe of Night {Dark Will+ SInv}
 27955 | Orc:2    | Bought a scroll of revelation for 120 gold pieces
 28213 | Orc:2    | Found a staircase to the Elven Halls.
 28249 | Orc:2    | Found a shimmering altar of Xom.
 28693 | Orc:1    | Noticed Fannar
 28697 | Orc:1    | Killed Fannar
 28985 | D:12     | Learned a level 2 spell: Passwall
 30008 | D:14     | Reached skill level 9 in Shields
 30008 | D:14     | Reached skill level 1 in Summonings
 30008 | D:14     | Reached skill level 1 in Evocations
 30143 | D:14     | Noticed Lodul
 30148 | D:14     | Killed Lodul
 30609 | D:15     | Entered Level 15 of the Dungeon
 30887 | D:15     | Reached skill level 2 in Summonings
 31071 | D:15     | Reached skill level 2 in Evocations
 31205 | D:15     | Found an ancient bone altar of Kikubaaqudgha.
 31217 | D:15     | Noticed Rupert
 31235 | D:15     | Killed Rupert
 31711 | D:15     | Reached skill level 10 in Shields
 31723 | D:15     | Reached XP level 16. HP: 129/165 MP: 21/29
 31808 | D:15     | Found a staircase to the Depths.
 31811 | D:15     | Reached skill level 3 in Summonings
 31893 | D:15     | Noticed Nessos
 31894 | D:15     | Nessos changed into Nessos the moth of wrath
 31894 | D:15     | Noticed Nessos
 31896 | D:15     | Killed Nessos the moth of wrath
 32157 | D:15     | Found an ornate altar of the Wu Jian Council.
 32416 | Snake:1  | Entered Level 1 of the Snake Pit
 32521 | Snake:1  | Reached skill level 3 in Evocations
 33042 | Snake:1  | Reached skill level 4 in Summonings
 33375 | Snake:1  | Reached skill level 14 in Conjurations
 33750 | Snake:2  | Reached skill level 4 in Evocations
 34058 | Snake:2  | Reached skill level 5 in Summonings
 34815 | Snake:2  | Found Domenuv's General Store.
 34821 | Snake:2  | Bought a scroll of fear for 60 gold pieces
 34821 | Snake:2  | Bought a scroll of teleportation for 45 gold pieces
 34821 | Snake:2  | Bought a potion of heal wounds for 75 gold pieces
 34821 | Snake:2  | Bought a potion of haste for 150 gold pieces
 34826 | Snake:2  | Reached skill level 6 in Summonings
 35826 | Snake:2  | Found Esaegej's Mass Market.
 36044 | Snake:2  | Reached skill level 7 in Summonings
 36050 | Snake:2  | Reached skill level 15 in Conjurations
 36430 | Snake:2  | Reached skill level 8 in Summonings
 36579 | Snake:2  | Reached XP level 17. HP: 172/172 MP: 27/30
 36921 | Snake:3  | Reached skill level 9 in Summonings
 37526 | Snake:3  | Found Nil Veod's Book Shop.
 37528 | Snake:3  | Found Dimpy's General Store.
 37530 | Snake:3  | Found Saduant's Antique Armour Shop.
 37548 | Snake:3  | Learned a level 7 spell: Spellforged Servitor
 38224 | Snake:4  | Entered Level 4 of the Snake Pit
 38229 | Snake:4  | Reached skill level 10 in Summonings
 38849 | Snake:4  | Found a transporter.
 38979 | Snake:4  | Found a transporter.
 38984 | Snake:4  | Noticed a tentacled starspawn
 38999 | Snake:4  | Noticed catramo's ghost (adept DrSh)
 39649 | Snake:4  | Found Quthood's Distillery.
 39655 | Snake:4  | Bought a potion of ambrosia for 96 gold pieces
 39655 | Snake:4  | Bought 2 potions of cancellation for 192 gold pieces
 39655 | Snake:4  | Bought a potion of heal wounds for 60 gold pieces
 39655 | Snake:4  | Bought a potion of ambrosia for 96 gold pieces
 39655 | Snake:4  | Bought a potion of curing for 36 gold pieces
 39655 | Snake:4  | Bought a potion of curing for 36 gold pieces
 39655 | Snake:4  | Bought a potion of curing for 36 gold pieces
 39776 | Snake:4  | Reached skill level 13 in Fighting
 39778 | Snake:4  | Reached skill level 10 in Spellcasting
 39909 | Snake:4  | Reached skill level 11 in Shields
 40409 | Snake:4  | Noticed Agnes
 40413 | Snake:4  | Killed Agnes
 40592 | Snake:4  | Identified a scroll of acquirement
 40654 | Snake:4  | Reached skill level 14 in Fighting
 40874 | Snake:4  | Acquired 727 gold pieces
 40913 | Snake:4  | Got a serpentine rune of Zot
 41263 | Lair:5   | Reached XP level 18. HP: 150/191 MP: 12/32
 41380 | Lair:5   | Found a large runed translucent door.
 41381 | Lair:5   | Found a large runed translucent door.
 41396 | Lair:5   | Reached skill level 12 in Shields
 41865 | Swamp:1  | Entered Level 1 of the Swamp
 41875 | Swamp:1  | Identified the ring "Tifuc" {rC++ AC+4 Int+2}
 41890 | Swamp:1  | Identified the +1 pair of gloves of Cynicism {rElec Stlth+}
 41924 | Lair:2   | Learned a level 6 spell: Bombard
 41989 | Swamp:1  | Noticed Nikola
 41999 | Swamp:1  | Killed Nikola
 42000 | Swamp:1  | Reached skill level 15 in Fighting
 42068 | Swamp:1  | Noticed Roxanne
 42135 | Swamp:1  | Noticed Louise
 42154 | Swamp:1  | Killed Louise
 42677 | Swamp:1  | Killed Roxanne
 42952 | Swamp:2  | Reached skill level 1 in Shapeshifting
 43253 | Swamp:2  | Noticed Frances
 43267 | Swamp:2  | Killed Frances
 43268 | Swamp:2  | Reached skill level 2 in Shapeshifting
 44528 | Swamp:3  | Reached skill level 3 in Shapeshifting
 44701 | Swamp:4  | Entered Level 4 of the Swamp
 45254 | Swamp:4  | Reached skill level 13 in Shields
 45353 | Swamp:4  | Reached skill level 11 in Summonings
 45456 | Swamp:4  | Reached skill level 4 in Shapeshifting
 46573 | Swamp:4  | Reached XP level 19. HP: 201/201 MP: 18/33
 46632 | Swamp:4  | Got a decaying rune of Zot
 46657 | Swamp:4  | Reached skill level 5 in Shapeshifting
 46982 | Elf:1    | Entered Level 1 of the Elven Halls
 47246 | Elf:1    | Found Tiad's Distillery.
 47253 | Elf:1    | Bought a potion of heal wounds for 70 gold pieces
 47253 | Elf:1    | Bought a potion of invisibility for 112 gold pieces
 47253 | Elf:1    | Bought a potion of brilliance for 56 gold pieces
 47290 | Elf:1    | Reached skill level 16 in Conjurations
 47843 | Elf:1    | Paralysed by an air elemental for 1 turns
 47989 | Elf:1    | Reached skill level 6 in Shapeshifting
 48365 | Elf:1    | Reached skill level 12 in Summonings
 49168 | Elf:2    | Found a runed translucent gate.
 49169 | Elf:2    | Found a runed translucent gate.
 49169 | Elf:2    | Found a runed translucent gate.
 49377 | Elf:2    | Noticed Jorgrun
 49382 | Elf:2    | Killed Jorgrun
 49383 | Elf:2    | Reached skill level 7 in Shapeshifting
 50360 | Elf:3    | Entered Level 3 of the Elven Halls
 50621 | Elf:3    | Found Xymogah's Weapon Boutique.
 50800 | Elf:3    | Found a runed translucent door.
 50802 | Elf:3    | Found a shimmering altar of Xom.
 50802 | Elf:3    | Noticed bumbalina's ghost (adept FoHu)
 50802 | Elf:3    | Found the +3 pair of seven-league boots {Rampage+∞}
 51628 | Vaults:1 | Entered Level 1 of the Vaults
 51664 | Vaults:1 | Found a runed translucent door.
 51764 | Vaults:1 | Reached skill level 8 in Shapeshifting
 51924 | Vaults:1 | Reached skill level 17 in Conjurations
 52662 | Vaults:1 | Got Jetay's Book of Petrous Resurrection
 52924 | Vaults:1 | Reached XP level 20. HP: 173/210 MP: 22/34
 53024 | Vaults:1 | Found a gateway to a bazaar.
 53031 | Bazaar   | Entered a bazaar
 53052 | Bazaar   | Found Jedghyts's General Store.
 53057 | Bazaar   | Bought a scroll of blinking for 82 gold pieces
 53068 | Bazaar   | Found Ohuleot's Magic Scroll Emporium.
 53073 | Bazaar   | Bought a scroll of fear for 52 gold pieces
 53073 | Bazaar   | Bought a scroll of teleportation for 39 gold pieces
 53073 | Bazaar   | Bought a scroll of fear for 52 gold pieces
 53073 | Bazaar   | Bought a scroll of teleportation for 39 gold pieces
 53084 | Bazaar   | Found Comysm's Distillery.
 53089 | Bazaar   | Bought a potion of mutation for 128 gold pieces
 53089 | Bazaar   | Bought a potion of enlightenment for 80 gold pieces
 53089 | Bazaar   | Bought a potion of enlightenment for 80 gold pieces
 53089 | Bazaar   | Bought a potion of haste for 160 gold pieces
 53089 | Bazaar   | Bought a potion of invisibility for 128 gold pieces
 53100 | Bazaar   | Found Iqebyec's Antique Weapon Emporium.
 53100 | Bazaar   | Found Giorriq's Jewellery Shoppe.
 53220 | Vaults:1 | Found a runed translucent gate.
 53221 | Vaults:1 | Found a runed translucent gate.
 53221 | Vaults:1 | Found a runed translucent gate.
 53225 | Vaults:1 | Noticed Wiath's ghost (adept DrBr)
 53225 | Vaults:1 | Noticed Wiath's ghost (adept DrBr)
 53256 | Vaults:1 | Reached skill level 9 in Shapeshifting
 54922 | Vaults:2 | Noticed Boris
 54958 | Vaults:2 | Reached skill level 10 in Shapeshifting
 55131 | Vaults:2 | Killed Boris
 55516 | Vaults:2 | Bought the ring "Reotew" {Will+} for 639 gold pieces
 55569 | Vaults:2 | Reached skill level 18 in Conjurations
 55689 | Vaults:2 | You fall into a shaft and drop 1 floor!
 55987 | Vaults:3 | Reached skill level 11 in Shapeshifting
 56448 | Vaults:3 | Identified the +0 flail of the Endless Allies {flame,
                  | rPois}
 56644 | Vaults:3 | Reached skill level 12 in Shapeshifting
 57421 | Vaults:3 | Reached skill level 13 in Shapeshifting
 57441 | Vaults:3 | Found a staircase to the Crypt.
 57733 | Vaults:3 | Reached XP level 21. HP: 181/218 MP: 35/35
 58392 | Vaults:2 | Found the crystal ball of Wucad Mu {*channel}
 58406 | Vaults:2 | Got Badefa's Directory of Despicable Secrets
 58594 | Vaults:2 | Reached skill level 14 in Shapeshifting
 58767 | Vaults:2 | Got Faclit's Easy Magic
 59500 | Vaults:2 | Noticed Mara
 59505 | Vaults:2 | Killed Mara
 59506 | Vaults:2 | Reached skill level 15 in Shapeshifting
 60083 | Vaults:4 | Identified the +2 robe of Activism {Will+ Str+3}
 61124 | Vaults:4 | Reached skill level 16 in Shapeshifting
 61970 | D:6      | Bought a book of Armaments for 504 gold pieces
 61980 | D:6      | Killed GrimJard's ghost
 62076 | D:4      | Killed bumbalina's ghost
 63072 | Elf:2    | Reached skill level 4 in Earth Magic
 63556 | Elf:3    | Reached skill level 5 in Earth Magic
 63571 | Elf:3    | Reached XP level 22. HP: 230/230 MP: 20/36
 63574 | Elf:3    | Reached skill level 16 in Fighting
 64038 | Elf:3    | Paralysed by an air elemental for 1 turns
 64278 | Elf:3    | Reached skill level 6 in Earth Magic
 64513 | Elf:3    | Identified the +5 rapier "Goasol" {venom, MP+9}
 64573 | Elf:3    | Identified the +4 dire flail of Premature Burial {heavy,
                  | rN+ Dex+8}
 64573 | Elf:3    | Identified the +3 robe of Complete Protection {*Slow rN+
                  | Stlth+}
 64658 | Elf:3    | Identified the amulet of the Snail {Regen+ Str+4 Slay-4
                  | Stlth+}
 64667 | Elf:3    | Identified the +6 demon whip of Integrity {vamp, ^Fragile
                  | rN+ Int+3}
 64673 | Elf:3    | Identified the ring of the Moon {rN+ AC+4}
 64675 | Elf:3    | Identified the +4 morningstar of Irenoses {venom, Fly rF+}
 64683 | Elf:3    | Reached skill level 7 in Earth Magic
 64807 | Elf:3    | Identified the amulet "Yluir" {Spirit Str+4 Dex-4 SInv}
 64877 | Elf:3    | Identified the +5 war axe of Guilt {protect, *Slow rPois
                  | Int+3}
 64938 | Elf:3    | Got the Textbook on the Missiles
 64948 | Elf:3    | Identified the staff of Demand {MP+9 Conj}
 64964 | Elf:3    | Identified the +1 mace of Impermanence {heavy, rN+ Int+5}
 65088 | Elf:3    | Learned a level 2 spell: Blink
 65465 | Depths:1 | Entered Level 1 of the Depths
 65633 | Depths:1 | Found a one-way gate to the infinite horrors of the Abyss.
 65679 | Depths:1 | Reached skill level 14 in Shields
 65803 | Depths:1 | Reached skill level 8 in Earth Magic
 65922 | Depths:1 | Reached skill level 17 in Fighting
 66097 | Depths:1 | Found a one-way gateway to a ziggurat.
 66826 | Depths:1 | Found a gateway to Hell.
 67139 | Depths:2 | Reached skill level 11 in Spellcasting
 67308 | Depths:2 | Reached skill level 18 in Fighting
 67309 | Depths:2 | Reached XP level 23. HP: 247/247 MP: 6/38
 67584 | Depths:2 | Reached skill level 15 in Shields
 67827 | Depths:2 | Reached skill level 12 in Spellcasting
 68436 | Depths:2 | Found a one-way gate leading to the halls of Pandemonium.
 68604 | Depths:2 | Found an ancient bone altar of Kikubaaqudgha.
 68604 | Depths:2 | Identified the +8 shadow dragon scales of Liberalism {+Inv
                  | Str-2 Int+3 Stlth++++}
 68648 | Depths:2 | Got A Octavo from the Archmage to EnegeticOcto
 68666 | Depths:2 | Identified the +8 dagger of Red Wine {antimagic, Fly Int+8}
 68921 | Depths:3 | Reached skill level 19 in Fighting
 69061 | Depths:3 | Identified the +1 morningstar of Hospitality {freeze, *Rage
                  | Fly rF+++ SInv}
 69395 | Depths:3 | Reached skill level 13 in Spellcasting
 69431 | Depths:3 | Reached skill level 16 in Shields
 69529 | Depths:3 | Identified the +8 battleaxe "Ahugyhoy" {pain, *Slow rF+++
                  | rN+++ Stlth-}
 69931 | Depths:3 | Noticed Boris
 69941 | Depths:3 | Killed Boris
 70134 | Depths:3 | Reached skill level 20 in Fighting
 70414 | Depths:3 | Reached XP level 24. HP: 265/265 MP: 7/40
 70608 | Depths:4 | Entered Level 4 of the Depths
 70628 | Depths:4 | Noticed a caustic shrike
 70628 | Depths:4 | Noticed a caustic shrike
 70628 | Depths:4 | Noticed a caustic shrike
 70629 | Depths:4 | Noticed a caustic shrike
 70637 | Depths:4 | Killed a caustic shrike
 70637 | Depths:4 | Killed a caustic shrike
 70639 | Depths:4 | Killed a caustic shrike
 70639 | Depths:4 | Killed a caustic shrike
 70640 | Depths:4 | Reached skill level 14 in Spellcasting
 70829 | Depths:4 | Noticed a juggernaut
 70838 | Depths:4 | Killed a juggernaut
 70957 | Depths:4 | Reached skill level 9 in Earth Magic
 70959 | Depths:4 | Reached skill level 17 in Shields
 71157 | Depths:4 | Noticed Boris
 71174 | Depths:4 | Killed Boris
 71563 | Depths:4 | Reached skill level 10 in Earth Magic
 72170 | Depths:4 | Found a gate to the Realm of Zot.
 72279 | Depths:4 | Found a sparkling altar of Nemelex Xobeh.
 72660 | Crypt:1  | Entered Level 1 of the Crypt
 72669 | Vaults:3 | Learned a level 5 spell: Lee's Rapid Deconstruction
 72987 | Crypt:1  | Learned a level 8 spell: Lehudib's Crystal Spear
 72992 | Crypt:1  | Reached skill level 18 in Shields
 73389 | Crypt:1  | Reached skill level 11 in Earth Magic
 73961 | Crypt:2  | Noticed Boris
 73965 | Crypt:2  | Killed Boris
 74165 | Crypt:2  | Reached XP level 25. HP: 273/273 MP: 27/41
 74467 | Crypt:2  | Reached skill level 12 in Earth Magic
 74704 | Crypt:3  | Entered Level 3 of the Crypt
 74782 | Crypt:3  | Reached skill level 19 in Shields
 75232 | Crypt:3  | Noticed a dread lich
 75240 | Crypt:3  | Killed a dread lich
 75482 | Crypt:3  | Found an ancient bone altar of Kikubaaqudgha.
 75532 | Crypt:3  | Got the Thoughts on the Elixir
 75676 | Crypt:3  | Found a staircase to the Tomb.
 75880 | Crypt:3  | Got Yczye's Reference Book on Stolen Souls
 76329 | Vaults:5 | Entered Level 5 of the Vaults
 76331 | Vaults:5 | Noticed Boris
 76344 | Vaults:5 | Reached skill level 13 in Earth Magic
 76356 | Vaults:5 | Reached skill level 20 in Shields
 76359 | Vaults:5 | Killed Boris
 76406 | Vaults:5 | Noticed an ancient lich
 76411 | Vaults:5 | Killed an ancient lich
 76685 | Vaults:5 | Identified the +9 battleaxe of Odaeth {holy, ^Fragile rElec
                  | rCorr Dex+4}
 76695 | Vaults:5 | Noticed an ancient lich
 76704 | Vaults:5 | Reached skill level 14 in Earth Magic
 76731 | Vaults:5 | Killed an ancient lich
 76843 | Vaults:5 | Reached skill level 21 in Shields
 76978 | Vaults:5 | Reached XP level 26. HP: 283/283 MP: 16/41
 77087 | Vaults:5 | Found Doikk's Magic Scroll Shop.
 77092 | Vaults:5 | Bought a scroll of blinking for 135 gold pieces
 77092 | Vaults:5 | Bought a scroll of fear for 72 gold pieces
 77110 | Vaults:5 | Found Peumabe's Magic Scroll Shoppe.
 77115 | Vaults:5 | Bought a scroll of blinking for 105 gold pieces
 77115 | Vaults:5 | Bought 3 scrolls of poison for 168 gold pieces
 77207 | Vaults:5 | Identified the +7 broad axe of the Eggplant {venom, ^Contam
                  | rF+ rC+ Stlth+}
 77489 | Vaults:5 | Got the Vellum of Relocation
 77490 | Vaults:5 | Identified the ring "Tuoq" {Str-3 Int+2 Slay+4}
 77863 | Vaults:5 | Reached skill level 22 in Shields
 77958 | Vaults:5 | Identified the +7 whip "Plog" {pain, rPois rC+ rCorr Str+3}
 77958 | Vaults:5 | Identified the ring "Guutem" {rElec rF++ rCorr Str-3}
 78076 | Vaults:5 | Identified the staff "Ebbuhib" {rElec Summ Air}
 78080 | Vaults:5 | Got a silver rune of Zot
 78087 | Vaults:5 | Identified the staff of Fee Simple {rN+ rCorr Str-3 Int+3
                  | Conj}
 78696 | Vaults:5 | Found Suostraqe's General Store.
 78705 | Vaults:5 | Bought a scroll of blinking for 127 gold pieces
 79293 | Zot:1    | Entered Level 1 of the Realm of Zot
 79453 | Zot:1    | Found an ancient bone altar of Kikubaaqudgha.
 80152 | Zot:2    | Reached skill level 23 in Shields
 80719 | Zot:2    | Found a transporter.
 80722 | Zot:2    | Found a transporter.
 80876 | Zot:2    | You fall into a shaft and drop 1 floor!
 80952 | Zot:3    | Paralysed by a Zot trap for 2 turns
 81096 | Zot:3    | Reached skill level 24 in Shields
 81288 | Zot:2    | Found a transporter.
 81342 | Zot:2    | Found a transporter.
 82441 | Zot:4    | Reached XP level 27. HP: 291/291 MP: 20/41
 82585 | Zot:4    | Noticed Vv
 82601 | Zot:4    | Killed Vv
 82757 | Zot:4    | Identified the ring "Zuputuba" {Ice Stlth+}
 82757 | Zot:4    | Noticed Josephina
 82765 | Zot:4    | Killed Josephina
 83487 | Slime:1  | Entered Level 1 of the Pits of Slime
 83600 | Slime:1  | Reached skill level 25 in Shields
 83663 | Slime:1  | Gained mutation: You occasionally lose the ability to read
                  | scrolls when taking damage. [a shining eye]
 83671 | Slime:1  | Learned a level 1 spell: Apportation
 85810 | Zot:5    | Entered Level 5 of the Realm of Zot
 86735 | Zot:5    | Reached skill level 26 in Shields
 88999 | Zot:5    | Noticed an orb of fire
 89001 | Zot:5    | Gained mutation: You are vulnerable to heat. (rF-) [an orb
                  | of fire]
 89004 | Zot:5    | Killed an orb of fire
 89978 | Zot:5    | Noticed a dread lich
 89984 | Zot:5    | Killed a dread lich
 89995 | Zot:5    | Noticed a dread lich
 90000 | Zot:5    | Noticed a dread lich
 90003 | Zot:5    | Killed a dread lich
 90005 | Zot:5    | Paralysed by something for 3 turns
 90009 | Zot:5    | Killed a dread lich
 90019 | Zot:5    | Noticed an ancient lich
 90028 | Zot:5    | Killed an ancient lich
 90029 | Zot:5    | Reached skill level 27 in Shields
 90080 | Zot:5    | Noticed an ancient lich
 90086 | Zot:5    | Killed an ancient lich
 90119 | Zot:5    | Reached skill level 21 in Fighting
 90513 | Zot:5    | Got the Orb of Zot
 90513 | Zot:5    | Noticed an ancient lich
 90513 | Zot:5    | Noticed a dread lich
 90671 | Depths:3 | Noticed Doletih the pandemonium lord
 91054 | D:$      | Escaped with the Orb!

Illustrated notes

Levels and vault maps discovered:
D:1:      amcnicky_arrival_choice, layout_basic
D:2:      layout_rooms, serial_co_window_serial, co_window_corner_a,
          co_window_of_opportunity_a, co_window_paths_a, co_window_paths_b,
          co_window_cross_1, co_window_corner_b, co_window_corner_b,
          co_window_cross_4, glass_columns_a, glass_columns_b, glass_columns_a,
          glass_columns_b, glass_columns_a
D:3:      layout_loops_corners, lemuel_round_altar,
          shapermc_ecumenical_altar_totnotflames
D:4:      layout_basic, mainiacjoe_overflow_small_starburst,
          hellmonk_ghost_happy_afterlife, nrook_campfire, uniq_grinder
D:5:      layout_basic, nicolae_wormholes
D:6:      layout_basic, minmay_temple_entry_large_hall,
          ebering_ghost_inner_flame, serial_shops, shop, shop,
          columned_hall_lemuel, dreamdust_princess_corridor,
          kennysheep_windowed_goal
D:7:      layout_basic, chequers_temple_overflow_statue_of_worship,
          serial_shops, shop, serial_glass, glass_columns_a, glass_columns_b,
          glass_columns_b, glass_columns_c, glass_columns_b, glass_columns_a,
          glass_columns_b, glass_columns_a, glass_columns_a, glass_columns_b,
          glass_columns_b, glass_columns_a, glass_columns_b, glass_columns_a,
          uniq_menkaure, uniq_maurice
D:8:      layout_loops_corners, fungi_pond_lemuel, minmay_mini_ossuary,
          uniq_pikel, uniq_maggie
D:9:      minmay_the_grid_octo_tiled_squarecenter
          [minmay_the_grid_octo_thin_diamonds, minmay_the_grid_octo_checkered,
          minmay_the_grid_octo_teeth, minmay_the_grid_octo_clover,
          minmay_the_grid_square_5x5_megaprize_crossed,
          minmay_the_grid_square_5x5_shrine2,
          minmay_the_grid_square_5x5_eight_small,
          minmay_the_grid_square_5x5_bracketed,
          minmay_the_grid_square_5x5_tri_point], layout_rooms, lair_entry_dummy
D:10:     layout_irregular_city, nicolae_trove_entry_crystal, corexii_checkpoint
D:11:     layout_gridville, uniq_grum
D:12:     layout_cave_pods, hiddenorc2_lemuel, portal_ice_cave_entry_imps,
          serial_shops, shop, kennysheep_path_1, due_unseen_surprise
D:13:     layout_basic, david_vaults_4, serial_curves, eino_curves_02,
          eino_curves_03
D:14:     layout_roguey, reono_crystal_passage, uniq_lodul
D:15:     hangedman_depths_entry_try_elsewhere_first, layout_rooms,
          nzn_wu_jian_contemplation, kiku_gazebo_garden_becter, uniq_rupert,
          uniq_nessos
Temple:   mainiacjoe_temple_bowtie_tessellation
Lair:1:   layout_regular_city, basic_altar, gauntlet_entry_generic,
          serial_bayou_shore_a
Lair:2:   layout_loops_ring, mainiacjoe_swamp_entry_angry_trees, uniq_sonja
Lair:3:   layout_hall_layers, guppyfry_snake_entry_garden,
          nzn_masters_of_martial_movement, uniq_prince_ribbit2, uniq_snorg
Lair:4:   layout_hall_layers, minmay_slime_entry_oklob_enclosed, st_stairs_13,
          lemuel_oklob_altar, lemuel_fruit_tree
Lair:5:   cheibrodos_lair_end_hotspot, layout_long_grid, st_stairs_6
Swamp:1:  layout_basic_swamp, nicolae_swamp_little_tower, uniq_roxanne,
          uniq_louise, uniq_nikola
Swamp:2:  layout_basic_swamp, hangedman_swamp_ruin_wall,
          infiniplex_staircase_pool, nicolae_swamp_tree_isthmus, uniq_frances
Swamp:3:  layout_basic_swamp, evilmike_swamp_ruin_house_4
Swamp:4:  swamp_basic_johnstein, layout_basic_swamp, swamp_pool_1_2,
          nicolae_swamp_decorative_isthmus
Snake:1:  layout_misc_corridors, special_room, grunt_megastairs_2
Snake:2:  nicolae_sea_snake_s, layout_gridlike, serial_shops, shop,
          minmay_shop_mass, nicolae_snake_gridmaze_entwining, grunt_ministairs_9
Snake:3:  layout_onion_interference, minmay_shop_star
Snake:4:  grunt_snake_rune_serpentine_throne, layout_cave_town,
          gammafunk_ghost_abyssal_escape, serial_shops,
          nicolae_shop_advertising_works [nicolae_subvault_shop_adworks],
          nicolae_snake_snake_lake, uniq_agnes
Slime:1:  cheibrodos_slime_lost_civilization_2, layout_caves
Slime:2:  layout_caves
Slime:3:  layout_caves
Orc:1:    layout_diamond_mine, nicolae_orc_rockfall, uniq_fannar, uniq_gastronok
Orc:2:    st_orc_mages, layout_caves, regret_index_xom_of_box
Elf:1:    layout_loops_corners, serial_shops, shop, nicolae_elf_crossing_hall,
          onia_ninara_cookie
Elf:2:    nicolae_elf_blades_crystal_corner, layout_loops_corners,
          hangedman_elven_pyramids, uniq_jorgrun
Elf:3:    minmay_elf_hall_curves, layout_geoelf_castle, serial_shops,
          nicolae_shop_peninsula, ebering_ghost_xom, minivault_14,
          item_on_display_b
Vaults:1: gammafunk_ghost_cemetery, v_rooms_5, nicolae_vaults_circle_grid_a,
          nicolae_vaults_three_branches, nicolae_vaults_stepped_doors,
          nicolae_vaults_oozy_zoo, ontoclasm_vaults_decontamination,
          nicolae_vaults_tetromino_Z_1, dpeg_vaults_monster_box,
          layout_vaults_omnigrid, serial_shops, bzr_entry_customers
Vaults:2: nicolae_vaults_network_periphery, nicolae_vaults_closet_pinwheel_6,
          hangedman_vaults_restitches, nicolae_vaults_tangram_1,
          dpeg_vaults_hating_casters, nicolae_vaults_six-pack,
          vaults_mumra_chevron, hangedman_vaults_pinch, v_misc_4,
          nicolae_vaults_prndl, vaults_room_pools, nicolae_vaults_tetromino_L_1,
          layout_vaults_big_cross, uniq_mara, uniq_boris
Vaults:3: hangedman_vaults_hat, nicolae_vaults_sesquioval_fish,
          nicolae_vaults_trapezoid_1, vaults_room_glass_cross,
          nicolae_vaults_tetromino_L_1, v_misc_17, nicolae_vaults_tetromino_Z_1,
          v_misc_30, nicolae_vaults_trapezoid_3, nicolae_vaults_puzzle_piece,
          blue_anna_dwarven_crypt, nicolae_vaults_sesquioval_fish,
          ontoclasm_vaults_shuriken, nicolae_vaults_double_plus_1,
          layout_vaults_big_room
Vaults:4: nicolae_vaults_house_2, ontoclasm_vaults_twist, v_rooms_1, v_misc_11,
          vaults_dpeg_cross, vaults_room_door_ring, v_alt_pattern_6,
          vaults_room_door_hall, nicolae_vaults_variable_pillar_hall_cross,
          vaults_mumra_hex, layout_vaults_omnibox
Vaults:5
Crypt:1:  layout_misc_corridors, grunt_crypt_arrival_webbed,
          roderic_lattice_octagonal_star
Crypt:2:  layout_rooms, minmay_misc_feat_cross, nicolae_crypt_crumbling_hall
Crypt:3:  cryptofortress_bobbens
Depths:1: layout_gridlike, enter_ziggurat_e, grunt_hell_entry_dis_mu,
          abyss_entry, nicolae_lava_and_water, minmay_strange_pillars,
          minivault_11, minmay_misc_feat_ornament, serial_bayou_lake_a
Depths:2: lemuel_vampire_tower, layout_cave_shapes, grunt_pan_entry_in_and_out,
          minmay_misc_feat_five, pf_hell_entry_tar_spiral
Depths:3: nzn_winding_woodlands_large [nzn_winding_woodlands_5x5_checkerboard,
          nzn_winding_woodlands_5x15_twine, nzn_winding_woodlands_hourglass,
          nzn_winding_woodlands_center_diamonds,
          nzn_winding_woodlands_15x15_five_gardens,
          nzn_winding_woodlands_center_garden,
          nzn_winding_woodlands_5x5_default, nzn_winding_woodlands_5x15_pool,
          nzn_winding_woodlands_5x5_perimeter], layout_gridlike, abyss_entry,
          hell_entry, feat_on_display
Depths:4: grunt_twist_and_shout, layout_cave_pools, lightli_too_deep,
          abyss_entry, nemelex_diamond_rough_becter
Zot:1:    layout_gridlike, regret_index_zotdec_twisting_globes,
          regret_index_zotdec_stipple_waver
Zot:2:    layout_cellular_growth, hangedman_zot_decor_slant,
          nicolae_transporter_circle
Zot:3:    layout_onion_interference, regret_index_zotdec_iron_s,
          grunt_megastairs_3
Zot:4:    layout_gridville, regret_index_zotdec_barnacled_alternative,
          uniq_josephina, uniq_vv
Zot:5:    layout_gridlike

Skill      XL: |  1  2  3  4  5  6  7  8  9 10 11 12 13 14 15 16 17 18 19 20 21 22 23 24 25 26 27 |
---------------+----------------------------------------------------------------------------------+-----
Stealth        | 2 3 4 |  4.0
Fighting       | 1 2 4 5 7 8 11 12 14 15 18 20 21 | 21.9
Conjurations   | 1 2 3 4 6 9 10 12 13 15 17 18 | 18.0
Alchemy        | 3 5 6 7 |  7.0
Air Magic      | 1 2 |  2.0
Earth Magic    | 1 2 3 5 8 11 14 | 14.0
Spellcasting   | 3 4 5 6 7 8 9 10 11 13 14 | 14.0
Fire Magic     | 2 6 8 9 11 12 | 12.0
Dodging        | 3 6 |  6.0
Armour         | 2 5 |  5.0
Shields        | 5 10 11 13 14 16 18 21 24 27 | 27.0
Summonings     | 2 8 10 11 12 | 12.0
Evocations     | 2 4 |  4.0
Shapeshifting  | 4 8 13 16 | 16.0

Action                     |  1- 3 |  4- 6 |  7- 9 | 10-12 | 13-15 | 16-18 | 19-21 | 22-24 | 25-27 || total
---------------------------+-------+-------+-------+-------+-------+-------+-------+-------+-------++-------
  Melee: Dagger            |    51 |    84 |    28 |       |       |       |       |       |       ||   163
         Punch             |       |     1 |     3 |     2 |     1 |       |       |       |       ||     7
         Staff             |       |       |    33 |    68 |   111 |    46 |   118 |    81 |   109 ||   566
   Cast: Sting             |    61 |    36 |   104 |    28 |       |       |       |       |       ||   229
         Mercury Vapours   |     5 |    26 |    18 |    14 |       |       |       |       |       ||    63
         Sandblast         |       |     2 |    10 |    20 |       |       |       |       |       ||    32
         Olgreb's Toxic Ra |       |       |    39 |   118 |   178 |    51 |    10 |     8 |       ||   404
         Mephitic Cloud    |       |       |     2 |    15 |     2 |     1 |     2 |       |       ||    22
         Sticky Flame      |       |       |     5 |    36 |    18 |       |       |       |       ||    59
         Stone Arrow       |       |       |       |    47 |   239 |   179 |    82 |       |       ||   547
         Irradiate         |       |       |       |       |    25 |    77 |    52 |    63 |    28 ||   245
         Starburst         |       |       |       |       |   137 |   393 |   226 |   169 |   135 ||  1060
         Passwall          |       |       |       |       |     2 |       |       |       |       ||     2
         Spellforged Servi |       |       |       |       |       |     1 |   108 |   155 |   175 ||   439
         Bombard           |       |       |       |       |       |       |    99 |   180 |   231 ||   510
         Lee's Rapid Decon |       |       |       |       |       |       |       |     4 |    27 ||    31
         Blink             |       |       |       |       |       |       |       |     1 |     1 ||     2
 Invoke: Call Merchant     |       |       |       |       |       |       |     1 |       |       ||     1
         Potion Petition   |       |       |       |       |       |       |       |       |     2 ||     2
Ability: Begin Untransform |       |       |       |       |       |       |       |       |     1 ||     1
  Evoke: Wand              |       |       |     5 |    15 |     4 |     6 |     5 |     6 |    19 ||    60
         Lightning rod     |       |       |       |     7 |     9 |     5 |     7 |       |       ||    28
         Phial of floods   |       |       |       |       |     1 |     1 |       |       |       ||     2
         Tin of tremorston |       |       |       |       |       |       |     1 |     3 |       ||     4
         Sack of spiders   |       |       |       |       |       |       |       |     2 |     2 ||     4
         Phantom mirror    |       |       |       |       |       |       |       |     1 |     2 ||     3
    Use: Scroll            |     5 |     2 |     9 |    10 |    16 |     5 |     4 |     1 |    19 ||    71
         Potion            |       |     1 |     1 |     1 |       |       |     1 |       |    24 ||    28
   Stab: Sleeping          |       |     2 |       |       |       |       |       |       |       ||     2
         Distracted        |       |       |       |       |     2 |       |     4 |     1 |     2 ||     9
         Invisible         |       |       |       |       |       |       |       |       |     1 ||     1
 Armour: Robe              |    22 |    45 |    95 |   197 |   135 |   354 |   383 |       |     1 ||  1232
         Acid dragon scale |       |       |       |       |   146 |       |       |       |       ||   146
         Skin              |       |       |       |       |       |       |    81 |   792 |   712 ||  1585
  Dodge: Dodged            |    25 |    28 |    59 |   168 |   261 |    95 |   175 |   238 |   202 ||  1251
  Block: Kite shield       |       |       |       |       |    75 |   250 |   358 |   747 |   340 ||  1770
         Tower shield      |       |       |       |       |       |       |       |       |   480 ||   480
   Form: Statue            |       |       |       |       |       |       |     1 |       |       ||     1

Table legend: (Time is in decaauts)
 A = Elapsed time spent in this place.
 B = Non-inter-level travel time spent in this place.
 C = Inter-level travel time spent in this place.
 D = Time resting spent in this place.
 E = Time spent auto-exploring this place.
 F = Levels seen in this place.
 G = Mean time per level.
                   A        B        C        D        E       F      G
               +--------+--------+--------+--------+--------+-----+--------+
         Total | 106141 |  96056 |  10085 |  11200 |  67214 |  57 | 1862.1 |
       Dungeon |  25065 |  21104 |   3961 |   1411 |  16295 |  15 | 1671.0 |
        Temple |     54 |      4 |     50 |      0 |      0 |   1 |   54.0 |
          Lair |   7722 |   6347 |   1375 |    314 |   4897 |   5 | 1544.4 |
         Swamp |   5029 |   4735 |    294 |    262 |   3657 |   4 | 1257.2 |
     Snake Pit |   8740 |   8421 |    319 |    932 |   6227 |   4 | 2185.0 |
    Slime Pits |   2903 |   2492 |    411 |      0 |   2110 |   3 |  967.7 |
  Orcish Mines |   2157 |   1805 |    352 |    198 |   1199 |   2 | 1078.5 |
   Elven Halls |   8248 |   7486 |    762 |    946 |   4955 |   3 | 2749.3 |
        Vaults |  14787 |  13757 |   1030 |    910 |  10144 |   5 | 2957.4 |
         Crypt |   5471 |   5185 |    286 |     31 |   3972 |   3 | 1823.7 |
        Depths |  10872 |  10168 |    704 |    648 |   7065 |   4 | 2718.0 |
           Zot |  13097 |  12559 |    538 |   4995 |   5806 |   5 | 2619.4 |
        Bazaar |    103 |    103 |      0 |      0 |     83 |   1 |  103.0 |
      Ice Cave |   1190 |   1190 |      0 |    347 |    548 |   1 | 1190.0 |
      Gauntlet |    696 |    696 |      0 |    204 |    253 |   1 |  696.0 |
               +--------+--------+--------+--------+--------+-----+--------+

Top non-repeatable levels by time:
   Zot:5: 6989 daAuts
Depths:3: 3862 daAuts
Vaults:5: 3755 daAuts
   Elf:3: 3724 daAuts
Vaults:2: 3511 daAuts
 Snake:2: 3128 daAuts
     D:9: 3071 daAuts
Depths:2: 2987 daAuts
Vaults:3: 2980 daAuts
     D:6: 2616 daAuts
 Snake:4: 2551 daAuts
Vaults:1: 2429 daAuts
   Elf:2: 2421 daAuts
Depths:1: 2236 daAuts
 Crypt:3: 2225 daAuts

Table legend:
 A = Kills in this place as a percentage of kills in the entire game.
 B = Kills by you in this place as a percentage of kills by you in the entire game.
 C = Kills by friends in this place as a percentage of kills by friends in the entire game.
 D = Other kills in this place as a percentage of other kills in the entire game.
 E = Experience gained in this place as a percentage of experience gained in the entire game.
 F = Experience gained in this place divided by the number of levels of this place that you have seen.
                   A       B       C       D       E      F
               +-------+-------+-------+-------+-------+----------------------
         Total | 100.0 | 100.0 | 100.0 | 100.0 | 100.0 | 25065.2
       Dungeon |  18.4 |  24.3 |   0.3 |  42.9 |   5.0 | 4772.3
          Lair |   6.4 |   8.5 |   0.2 |   0.0 |   3.3 | 9533.4
         Swamp |   4.7 |   6.2 |   0.2 |   0.0 |   5.0 | 17798.2
     Snake Pit |   8.4 |  11.2 |   0.0 |   0.0 |   7.7 | 27376.2
    Slime Pits |   2.9 |   1.8 |   6.1 |   0.0 |   2.3 | 11089.7
  Orcish Mines |   6.0 |   7.9 |   0.0 |  14.3 |   1.4 | 9689.5
   Elven Halls |   6.8 |   6.5 |   7.9 |   0.0 |   8.7 | 41543.0
        Vaults |  17.5 |  13.4 |  29.7 |  14.3 |  22.8 | 65080.0
         Crypt |   7.9 |   5.1 |  16.5 |   0.0 |   8.7 | 41348.0
        Depths |  12.3 |   8.4 |  24.2 |  14.3 |  19.3 | 69015.0
           Zot |   6.5 |   3.6 |  15.0 |  14.3 |  15.4 | 43951.6
      Ice Cave |   2.0 |   2.6 |   0.0 |   0.0 |   0.3 | 4352.0
      Gauntlet |   0.2 |   0.3 |   0.0 |   0.0 |   0.1 | 1873.0
               +-------+-------+-------+-------+-------+----------------------
